 Dungeon Crawl Stone Soup version 0.23-a0-143-g1adec7b (webtiles) character file.

5894 Inarius the Slinger (level 11, 0/75 HPs)
             Began as a Halfling Fighter on Sept 2, 2018.
             Was a Priest of Dithmenos.
             Slain by an unseen horror (6 damage)
             ... on level 10 of the Dungeon.
             The game lasted 00:27:00 (14073 turns).

Inarius the Slinger (Halfling Fighter)             Turns: 14073, Time: 00:27:01

Health: 0/75       AC:  7    Str: 20      XL:     11   Next: 8%
Magic:  11/11      EV: 14    Int:  3 (6)  God:    Dithmenos [***...]
Gold:   463        SH: 11    Dex: 13 (15) Spells: 10/10 levels left

rFire    . . .     SeeInvis .   a - +1 dagger (venom)
rCold    . . .     Gourm    .   c - +0 shield
rNeg     . . .     Faith    .   m - +1 leather armour "Qyzxeite" {MR+ Stlth+} (curse)
rPois    .         Spirit   .   h - +0 helmet
rElec    .         Reflect  .   (no cloak)
rCorr    +         Harm     .   E - +0 pair of gloves
MR       +....                  (no boots)
Stlth    ++++++....             (no amulet)
HPRegen  0.22/turn              q - ring of wizardry
MPRegen  0.12/turn              t - ring of resist corrosion

@: wreathed by umbra
A: small, mutation resistance 1
a: Shadow Step, Renounce Religion


You were on level 10 of the Dungeon.
You worshipped Dithmenos.
Dithmenos was most pleased with you.
You were very hungry.

You visited 1 branch of the dungeon, and saw 10 of its levels.

You collected 463 gold pieces.

Inventory:

Hand Weapons
 a - a +1 dagger of venom (weapon)
 b - a +0 hunting sling
 o - a +0 rapier
Missiles
 d - 66 sling bullets
 e - 276 stones (quivered)
Armour
 c - a +0 shield (worn)
 h - a +0 helmet (worn)
 m - the cursed +1 leather armour "Qyzxeite" (worn) {MR+ Stlth+}
   (You found it on level 7 of the Dungeon)

   It affects your resistance to hostile enchantments.
   It makes you more stealthy.
   It has a curse placed upon it.
 E - a +0 pair of gloves (worn)
Jewellery
 q - a ring of wizardry (left hand)
 t - a ring of resist corrosion (right hand)
Wands
 A - a wand of digging (43)
 B - a wand of enslavement (19)
Scrolls
 g - 3 scrolls of remove curse
 i - 3 scrolls of teleportation
 l - 2 scrolls of enchant armour {unknown}
 n - 2 scrolls of brand weapon {unknown}
 p - a scroll of fear {unknown}
 s - 2 scrolls of magic mapping {unknown}
 u - 2 scrolls of enchant weapon
 y - a scroll of amnesia {unknown}
 D - 2 scrolls of identify
Potions
 j - 3 potions of flight
 k - a potion of agility
 r - 2 potions of magic
 v - 2 potions of invisibility
 w - a potion of lignification {unknown}
 x - a potion of cancellation {unknown}
 z - a potion of might
 C - a potion of degeneration
 F - a potion of curing
Comestibles
 f - 11 rations


   Skills:
 * Level 7.3 Fighting
 + Level 7.8 Short Blades
 + Level 8.5 Slings
 + Level 6.3 Armour
 + Level 4.5 Dodging
 * Level 8.1 Stealth
 + Level 7.2 Shields


You had 10 spell levels left.
You didn't know any spells.
Your spell library contained the following spells:

 Spells                   Type           Power        Failure   Level  Hunger
 Animate Skeleton         Necr           N/A          65%         1    ##.....
 Pain                     Necr           #...         65%         1    ##.....
 Regeneration             Chrm/Necr      #.........   95%         3    ####...
 Vampiric Draining        Necr           #.........   95%         3    ####...
 Animate Dead             Necr           N/A          100%        4    #####..


Dungeon Overview and Level Annotations

Branches:
Dungeon (10/15)            Temple (0/1) D:5            Lair (0/6) D:9
    Orc (0/2) D:9

Altars:
Dithmenos
Elyvilon
Gozag
Nemelex Xobeh
Okawaru
Vehumet
Wu Jian
Yredelemnul

Annotations:
D:3 1 runed door, CcS's ghost, amateur GnSu


Innate Abilities, Weirdness & Mutations

You are small and have problems with some larger weapons.
You are somewhat resistant to further mutation.


Message History

Something hits you but does no damage. Something hits you! Something hits you.
* * * LOW HITPOINT WARNING * * *
You closely miss something. You block something's attack. Something hits you.
* * * LOW HITPOINT WARNING * * *
Something hits you but does no damage.
As you read the scroll of teleportation, it crumbles to dust.
You feel strangely unstable. Something hits you but does no damage.
Something hits you.
* * * LOW HITPOINT WARNING * * *
Your surroundings suddenly seem different.
Something barely misses you. Something hits you.
* * * LOW HITPOINT WARNING * * *
Something hits you.
* * * LOW HITPOINT WARNING * * *
Something barely misses you. Something hits you.
You die...

.....≈≈≈.........................
......≈..............(...........
.................................
.............###..............≈..
.............# #.............≈≈≈.
.............###............≈≈≈≈≈
.....................###.....≈≈≈.
.....................# #......≈..
.............)..@....###.........
.................................
≈................................
≈≈.....###......<................
≈≈≈....# #.....<.<...............
≈≈.....###.......................
≈................................
.................................
.....................###.........


There were no monsters in sight!

Vanquished Creatures
  Erolcha (D:9)
  A troll (D:9)
  Prince Ribbit (D:7)
  2 hippogriffs (D:8)
  A hungry ghost (D:9)
  2 water moccasins
  An orc warrior (D:7)
  A black bear (D:7)
  2 sky beasts
  2 phantoms
  3 ogres
  2 ice beasts
  4 centaurs
  A crocodile (D:10)
  9 bullfrogs
  2 wyvern zombies
  A wyvern skeleton (D:6)
  2 killer bees
  2 scorpions (D:9)
  4 troll zombies (D:9)
  4 bullfrog zombies
  4 howler monkeys
  2 centaur zombies
  6 hounds
  A jelly (D:10)
  5 orc priests
  A bullfrog skeleton (D:6)
  Terence (D:3)
  5 orc wizards
  9 worker ants
  4 ogre zombies (D:9)
  2 worker ant zombies
  6 gnolls
  17 adders
  A shadow imp (D:6)
  An adder skeleton (D:6)
  3 worms (D:2)
  3 dart slugs
  A leopard gecko (D:7)
  19 orcs
  4 ball pythons
  6 giant cockroaches
  11 goblins
  6 hobgoblins
  5 jackals
  11 kobolds
  2 quokkas (D:5)
  8 bats
  7 frilled lizards
  3 goblin zombies (D:9)
  A hobgoblin skeleton (D:9)
  4 hobgoblin zombies (D:9)
  3 leopard gecko zombies (D:6)
  4 orc skeletons (D:9)
  13 orc zombies (D:9)
  A quokka skeleton (D:4)
  9 rats
237 creatures vanquished.

Vanquished Creatures (others)
  5 plants (D:9)
5 creatures vanquished.

Grand Total: 242 creatures vanquished

Notes
Turn   | Place    | Note
-------+----------+-------------------------------------------
     0 | D:1      | Inarius the Halfling Fighter began the quest for the Orb.
     0 | D:1      | Reached XP level 1. HP: 15/15 MP: 1/1
    90 | D:1      | Reached XP level 2. HP: 19/20 MP: 2/2
   407 | D:1      | Reached XP level 3. HP: 20/26 MP: 3/3
   417 | D:1      | Reached skill level 1 in Stealth
   911 | D:2      | Reached XP level 4. HP: 31/31 MP: 4/4
   974 | D:2      | Found a basalt altar of Yredelemnul.
  1740 | D:3      | Reached XP level 5. HP: 36/36 MP: 5/5
  2162 | D:3      | Noticed Terence
  2168 | D:3      | Reached skill level 1 in Slings
  2181 | D:3      | Killed Terence
  2221 | D:3      | Found a runed door.
  2222 | D:3      | Noticed CcS's ghost (amateur GnSu)
  2947 | D:4      | Reached XP level 6. HP: 38/42 MP: 6/6
  2959 | D:4      | Found a shadowy altar of Dithmenos.
  3267 | D:4      | Became a worshipper of Dithmenos the Shadowed
  3378 | D:4      | Found an iron altar of Okawaru.
  3473 | D:4      | Found a white marble altar of Elyvilon.
  3594 | D:4      | Found a sparkling altar of Nemelex Xobeh.
  3594 | D:4      | Found a radiant altar of Vehumet.
  3776 | D:4      | Reached skill level 1 in Dodging
  3985 | D:4      | Reached XP level 7. HP: 47/47 MP: 7/7
  4407 | D:4      | Found a shadowy altar of Dithmenos.
  4520 | D:5      | Entered Level 5 of the Dungeon
  4522 | D:5      | Reached * piety under Dithmenos
  4764 | D:5      | Reached XP level 8. HP: 54/54 MP: 8/8
  4769 | D:5      | Reached skill level 5 in Armour
  4920 | D:5      | Found a staircase to the Ecumenical Temple.
  5309 | D:6      | Reached skill level 5 in Short Blades
  5643 | D:6      | Reached skill level 5 in Slings
  6765 | D:6      | Reached XP level 9. HP: 54/60 MP: 9/9
  6915 | D:7      | Reached skill level 5 in Stealth
  6942 | D:7      | Reached skill level 5 in Fighting
  6971 | D:7      | Reached skill level 5 in Shields
  6974 | D:7      | Got an ancient leather armour
  6994 | D:7      | Noticed Prince Ribbit
  7174 | D:6      | Identified the cursed +1 leather armour "Qyzxeite" {MR+
                  | Stlth+} (You found it on level 7 of the Dungeon)
  7198 | D:7      | Killed Prince Ribbit
  8033 | D:8      | Reached ** piety under Dithmenos
  8040 | D:8      | Noticed a hippogriff
  8901 | D:8      | Reached XP level 10. HP: 68/68 MP: 10/10
  9620 | D:8      | Found an ornate altar of the Wu Jian Council.
 10286 | D:9      | Found a staircase to the Lair.
 10472 | D:9      | Found a staircase to the Orcish Mines.
 11259 | D:9      | Reached *** piety under Dithmenos
 12930 | D:9      | Found an opulent altar of Gozag.
 12958 | D:9      | Noticed Erolcha
 13011 | D:9      | Killed Erolcha
 13011 | D:9      | Reached XP level 11. HP: 42/75 MP: 11/11
 13286 | D:10     | Entered Level 10 of the Dungeon
 14073 | D:10     | Slain by an unseen horror

Vault maps used:
D:1:      saegor_arrival_simple_e
D:2:      yredelemnul_altar_generic, first_ration
D:3:      ebering_ghost_inner_flame, uniq_terence
D:4:      lemuel_coloured_pillars_altar, marbit_many_paths, elyvilon_altar_4,
          gammafunk_temple_overflow_statue, nicolae_dithmenos_shadow_blocks
D:5:      minmay_temple_entry_overgrown
D:6:      serial_undead, serial_undead_c, serial_undead_d, serial_undead_c,
          serial_undead_e, serial_undead_c, serial_undead_d,
          kennysheep_cross_bottleneck
D:7:      grunt_ogre_cave, minmay_misc_feat_square, uniq_prince_ribbit1
D:8:      lemuel_doored_altar
D:9:      kennysheep_mini_moat, lair_entry_dummy, zombieorc2_lemuel,
          serial_bayou_pond_c, minmay_misc_feat_room, uniq_erolcha

Skill      XL: |  1  2  3  4  5  6  7  8  9 10 |
---------------+-------------------------------+-----
Fighting       | 3 4 6 7 |  7.3
Stealth        | 1 2 3 4 6 8 |  8.1
Short Blades   | 3 4 5 6 7 |  7.8
Armour         | 4 5 6 |  6.3
Slings         | 1 2 4 5 7 8 |  8.5
Shields        | 4 5 7 |  7.2
Dodging        | 1 2 4 |  4.5

Action                   |  1- 3 |  4- 6 |  7- 9 | 10-12 || total
-------------------------+-------+-------+-------+-------++-------
Melee: Rapier            |   105 |   138 |       |       ||   243
       Dagger            |       |    96 |   541 |   510 ||  1147
 Fire: Hunting sling     |       |    71 |   101 |   122 ||   294
  Use: Scroll            |       |     5 |     1 |     5 ||    11
       Potion            |       |       |     3 |     6 ||     9
 Stab: Sleeping          |       |       |     6 |     5 ||    11
       Distracted        |       |       |       |     2 ||     2
       Invisible         |       |       |       |     1 ||     1
  Eat: Chunk             |       |    10 |    16 |     8 ||    34
       Ration            |       |       |       |     3 ||     3
Armor: Scale mail        |    55 |    74 |    76 |       ||   205
       Leather armour    |       |       |    26 |    65 ||    91
Dodge: Dodged            |    44 |    64 |   176 |   198 ||   482
Block: Shield            |    72 |   103 |   184 |   216 ||   575

Table legend:
 A = Non-vault XP
 B = Vault XP
 C = Vault XP percentage of total XP
 D = Non-vault monster count
 E = Vault monster count
 F = Vault count percentage of total count
                 A         B        C        D         E       F
            +---------+---------+-------+---------+---------+-------
      Total |    5874 |    2547 |  30.2 |     187 |      50 |  21.1
            +---------+---------+-------+---------+---------+-------
        D:1 |      45 |       0 |   0.0 |      30 |       0 |   0.0
        D:2 |      90 |       0 |   0.0 |      23 |       0 |   0.0
        D:3 |      93 |      36 |  27.9 |      18 |       1 |   5.3
        D:4 |     493 |       0 |   0.0 |      26 |       0 |   0.0
        D:5 |     321 |       0 |   0.0 |      12 |       0 |   0.0
        D:6 |     591 |     323 |  35.3 |      17 |      10 |  37.0
        D:7 |    1103 |     385 |  25.9 |      17 |       2 |  10.5
        D:8 |    1817 |       0 |   0.0 |      23 |       0 |   0.0
        D:9 |    1023 |    1803 |  63.8 |      16 |      37 |  69.8
       D:10 |     298 |       0 |   0.0 |       5 |       0 |   0.0
            +---------+---------+-------+---------+---------+-------
